 Dungeon Sprint DCSS version 0.19.1-1-g22dce08 (webtiles) character file.

6154 dvd the Fighter (level 10, -2/112 (113) HPs)
             Began as a Troll Berserker on Jan 12, 2017.
             Was the Champion of Trog.
             Slain by a blink frog (16 damage)
             ... in the Dungeon (Sprint III: "The Ten Rune Challenge").
             The game lasted 00:09:58 (1033 turns).

dvd the Fighter (Troll Berserker)                   Turns: 1033, Time: 00:09:58

HP:   -2/112 (113)  AC:  6    Str: 27    XL:     10   Next: 59%
MP:   9/9           EV: 14    Int:  3    God:    Trog [******]
Gold: 4858          SH:  0    Dex: 12    Spells: 0 memorised, 9 levels left

rFire  . . .     SeeInvis .     A - +6 giant club of Revolt {elec, +Blink}
rCold  . . .     Gourm    +     b - +0 animal skin
rNeg   + . .     Faith    .     (shield currently unavailable)
rPois  .         Spirit   .     (helmet restricted)
rElec  .         Reflect  .     l - +0 cloak
rCorr  .         Harm     .     (gloves unavailable)
MR     .....     NoTele   +     (boots unavailable)
Stlth  ++........               (no amulet)
                                (no ring)
                                j - ring of positive energy

@: no status effects
A: unfitting armour, claws 3, horns 1, fast metabolism 3, gourmand, regeneration
1, shaggy fur 1, tough skin 2
a: Berserk, Trog's Hand, Brothers in Arms, Burn Spellbooks, Renounce Religion,
Evoke Blink


You were in the Dungeon.
You worshipped Trog.
Trog was exalted by your worship.
You were very full.

You visited 1 branch You collected 4858 gold pieces.

Inventory:

Hand Weapons
 a - a +4 great mace of protection
 k - a +4 quarterstaff of chaos
 x - a +0 hunting sling of velocity
 y - the +5 trident of the Wolf {freeze, rPois Int+2}
   (Trog gifted it to you in the Dungeon)

   It has been specially enchanted to freeze those struck by it, causing extra
   injury to most foes and up to half again as much damage against particularly
   susceptible opponents.
   It can also slow down cold-blooded creatures.
   It affects your intelligence (+2).
   It protects you from poison.
 A - the +6 giant club of Revolt (weapon) {elec, +Blink}
   (Trog gifted it to you in the Dungeon)

   Occasionally, upon striking a foe, it will discharge some electrical energy
   and cause terrible harm.
   It lets you blink.
 D - a +1 dire flail of draining
Armour
 b - a +0 animal skin (worn)
 l - a +0 cloak (worn)
Jewellery
 j - a ring of positive energy (left claw)
Wands
 w - a wand of acid (2/15)
Scrolls
 i - a scroll of blinking
 n - a scroll of torment {unknown}
 o - 3 scrolls of identify
 s - a scroll of holy word {unknown}
 t - a scroll of immolation {unknown}
 u - 2 scrolls of remove curse
Potions
 d - 2 potions of curing
 e - 2 potions of heal wounds
 f - a potion of haste
 g - 2 potions of magic
 h - a potion of berserk rage
 q - 2 potions of cure mutation
 r - a potion of brilliance {unknown}
 v - a potion of flight {unknown}
Comestibles
 c - 2 bread rations
 p - 3 royal jellies


   Skills:
 + Level 11.1 Fighting
 + Level 10.5(12.6) Maces & Flails
 + Level 6.2(9.3) Polearms
 + Level 10.7(12.7) Staves
 + Level 9.6 Dodging
 + Level 3.8 Stealth


You had 9 spell levels left.
You didn't know any spells.

Dungeon Overview and Level Annotations

Branches:
Dungeon (1/1)

Altars:
Cheibriados
Dithmenos
Elyvilon
Fedhas
Gozag
Hepliaklqana
Kikubaaqudgha
Makhleb
Nemelex Xobeh
Okawaru
Qazlal
Ru
Sif Muna
Trog
Uskayaw
Vehumet
Xom
Yredelemnul
Zin
The Shining One
Beogh
Jiyva
Lugonu

Shops:
D !


Innate Abilities, Weirdness & Mutations

You are too large for most types of armour.
You have claws for hands.
Your metabolism is lightning-fast.
You like to eat raw meat.
Your natural rate of healing is unusually fast.
You are covered in fur. (AC +1)
You have very tough skin. (AC +2)
You have a pair of small horns on your head.


Message History

You completely miss the blink frog. Your headbutt misses the blink frog.
The blink frog is lightly wounded.
The blink frog blinks!
Your troll rages. x2
You see here a blink frog corpse.
You butcher the blink frog corpse.
Your troll rages.
The blink frog hits you!
* * * LOW HITPOINT WARNING * * *
You see here a chunk of flesh.
Unknown command.
You swap places.
The blink frog hits your troll!
The blink frog blinks!
Your troll completely misses the blink frog.
Your troll barely misses the blink frog. x2
You miss the blink frog. Your headbutt misses the blink frog.
The blink frog is lightly wounded.
Your troll bites the blink frog!
Your troll misses the blink frog.
Your troll completely misses the blink frog.
The blink frog hits you!
You die...

....(#..≈≈≈≈♣♣.♣.'.⌠........#)###
####'#..≈≈≈≈≈≈♣♣.#...######'#.# #
.)...#.≈≈≈≈≈≈....#.⌠.#__#...#'###
.....#.≈≈≈≈≈.....#...#__#...#....
.....#.≈≈≈.......#)###__#...##.#)
'#####...........#...#__#...'##)#
.................#___#__'...#...#
▓▓▓▓▓▓▓▓▓▓▓▓▓▓▓▓▓▓▓▓▓▓▓▓▓▓▓▓▓▓▓▓▓
≈§§.≈ ♣@F...♣♣♣♣≈≈≈.....
≈§§§≈≈♣♣T≈≈≈≈'♣♣'♣≈≈≈≈≈≈≈
§§§§≈≈†§.....#.†♣♣♣♣♣♣♣♣♣
≈§§≈≈≈♣♣♣♣♣♣♣#..♣ §≈§≈≈ ###+ +###


You could see a blink frog and a friendly troll (berserk).

Vanquished Creatures
  Erolcha (D)
  A mana viper (shapeshifter) (D)
  2 spiny frogs (D)
  A rime drake (D)
  3 wandering mushrooms (D)
  A komodo dragon (D)
  4 blink frogs (D)
  A shadow (D)
  2 redbacks (D)
  2 hill giants (D)
  A spatial vortex (D)
  A swamp drake (D)
  A necrophage (D)
  A water elemental (D)
  A jelly (D)
  A wizard (D)
  Crazy Yiuf (D)
  Jessica (D)
  A necromancer (D)
  3 humans (D)
  A kobold demonologist (D)
  2 oozes (D)
  An orc (D)
  A rat (D)
35 creatures vanquished.

Vanquished Creatures (collateral kills)
  2 orc high priests (D)
  An orc sorcerer (D)
  3 orc warriors (D)
  3 two-headed ogres (D)
  2 orc priests (D)
  3 orc wizards (D)
  6 orcs (D)
20 creatures vanquished.

Vanquished Creatures (others)
  2 draconian scorchers (D)
  6 hellions (D)
  A yaktaur (D)
  3 plants (D)
12 creatures vanquished.

Grand Total: 67 creatures vanquished

Notes
Turn   | Place    | Note
-------+----------+-------------------------------------------
     0 | D        | dvd the Troll Berserker began the quest for the Orb.
     0 | D        | Reached XP level 1. HP: 22/22 MP: 0/0
    11 | D        | Reached skill level 3 in Fighting
    11 | D        | Reached XP level 2. HP: 31/31 MP: 1/1
    16 | D        | Noticed Jessica
    18 | D        | Reached ** piety under Trog
    24 | D        | Killed Jessica
    24 | D        | Reached XP level 3. HP: 38/39 MP: 2/2
    26 | D        | Killed a yaktaur
    47 | D        | Noticed Crazy Yiuf
    54 | D        | Killed Crazy Yiuf
    54 | D        | Reached skill level 4 in Fighting
    65 | D        | Killed a hellion
    79 | D        | Gained mutation: Your flesh is cold resistant. (rC+) [potion of mutation]
    79 | D        | Gained mutation: You are clumsy. (Dex -2) [potion of mutation]
    80 | D        | Lost mutation: You are clumsy. (Dex -2) [potion of mutation]
    80 | D        | Gained mutation: You are frail. (-10% HP) [potion of mutation]
    81 | D        | Lost mutation: You are frail. (-10% HP) [potion of cure mutation]
    81 | D        | Lost mutation: Your flesh is cold resistant. (rC+) [potion of cure mutation]
   104 | D        | Killed a hellion
   105 | D        | Killed a hellion
   106 | D        | Killed a hellion
   112 | D        | Reached *** piety under Trog
   112 | D        | Reached skill level 5 in Maces & Flails
   112 | D        | Reached XP level 4. HP: 49/49 MP: 3/3
   128 | D        | Noticed a water elemental
   133 | D        | Killed a water elemental
   133 | D        | Reached skill level 5 in Fighting
   133 | D        | Reached skill level 5 in Dodging
   133 | D        | Reached XP level 5. HP: 57/57 MP: 4/4
   177 | D        | Found a radiant altar of Vehumet.
   177 | D        | Found a deep blue altar of Sif Muna.
   177 | D        | Found an ancient bone altar of Kikubaaqudgha.
   179 | D        | Paralysed by a wizard for 2 turns
   183 | D        | Noticed a red devil
   185 | D        | Reached **** piety under Trog
   185 | D        | Reached skill level 1 in Staves
   189 | D        | Killed a hellion
   201 | D        | Killed a white draconian scorcher
   239 | D        | Found a hide-covered altar of Uskayaw.
   239 | D        | Found a roughly hewn altar of Beogh.
   239 | D        | Found an iron altar of Okawaru.
   239 | D        | Found a bloodstained altar of Trog.
   239 | D        | Noticed a human
   240 | D        | Noticed a human
   244 | D        | Killed a human
   244 | D        | Reached ***** piety under Trog
   244 | D        | Reached skill level 6 in Fighting
   244 | D        | Reached XP level 6. HP: 68/68 MP: 5/5
   247 | D        | Killed a human
   247 | D        | Reached skill level 7 in Fighting
   272 | D        | Killed a hellion
   279 | D        | Killed a white draconian scorcher
   304 | D        | Found a glowing silver altar of Zin.
   304 | D        | Found a glowing golden altar of the Shining One.
   304 | D        | Found a white marble altar of Elyvilon.
   305 | D        | Noticed a deep elf mage
   317 | D        | Noticed a redback
   317 | D        | a deep elf mage changed into a redback
   318 | D        | Noticed a torpor snail
   318 | D        | a redback changed into a torpor snail
   321 | D        | Noticed a mana viper
   321 | D        | a torpor snail changed into a mana viper
   323 | D        | Killed a mana viper
   323 | D        | Reached skill level 8 in Fighting
   323 | D        | Reached XP level 7. HP: 81/81 MP: 0/6
   331 | D        | Gained mutation: You have a pair of small horns on your head. [mutagenic meat]
   368 | D        | Found a basalt altar of Yredelemnul.
   368 | D        | Found a shadowy altar of Dithmenos.
   368 | D        | Found a sacrificial altar of Ru.
   376 | D        | Reached skill level 5 in Staves
   427 | D        | Noticed a shadow
   432 | D        | Killed a shadow
   432 | D        | Reached skill level 1 in Stealth
   432 | D        | Reached XP level 8. HP: 90/90 MP: 7/7
   433 | D        | Received a gift from Trog
   475 | D        | Found a blossoming altar of Fedhas.
   475 | D        | Found a stormy altar of Qazlal.
   475 | D        | Found a snail-covered altar of Cheibriados.
   475 | D        | Found a burning altar of Makhleb.
   475 | D        | Found a shimmering altar of Xom.
   476 | D        | Found a hazy altar of Hepliaklqana.
   476 | D        | Found an opulent altar of Gozag.
   476 | D        | Found a sparkling altar of Nemelex Xobeh.
   476 | D        | Found a corrupted altar of Lugonu.
   476 | D        | Found a viscous altar of Jiyva.
   486 | D        | Reached skill level 9 in Fighting
   544 | D        | Noticed an orc sorcerer
   545 | D        | Paralysed by an orc sorcerer for 4 turns
   547 | D        | Noticed a hellwing
   550 | D        | Killed an orc sorcerer
   551 | D        | Received a gift from Trog
   552 | D        | Got a polished trident {god gift}
   553 | D        | Identified the +5 trident of the Wolf {freeze, rPois Int+2} (Trog gifted it to you in the Dungeon)
   555 | D        | Noticed an orc high priest
   558 | D        | Noticed an orc high priest
   564 | D        | Received a gift from Trog
   569 | D        | Noticed a red devil
   569 | D        | Killed an orc high priest
   569 | D        | Reached skill level 1 in Polearms
   569 | D        | Reached XP level 9. HP: 77/99 MP: 8/8
   571 | D        | Killed an orc high priest
   579 | D        | Found Eraluuv's Distillery.
   583 | D        | Reached ****** piety under Trog
   583 | D        | Received a gift from Trog
   738 | D        | Noticed Erolcha
   742 | D        | Reached skill level 10 in Fighting
   745 | D        | Killed Erolcha
   760 | D        | Reached skill level 10 in Staves
   824 | D        | Noticed a wandering mushroom
   828 | D        | Noticed a wandering mushroom
   835 | D        | Killed a wandering mushroom
   835 | D        | Received a gift from Trog
   838 | D        | Noticed a wandering mushroom
   845 | D        | Killed a wandering mushroom
   845 | D        | Reached XP level 10. HP: 110/110 MP: 9/9
   850 | D        | Reached skill level 10 in Maces & Flails
   870 | D        | Noticed a spiny frog
   870 | D        | Noticed a spiny frog
   874 | D        | Killed a spiny frog
   878 | D        | Killed a spiny frog
   881 | D        | Reached skill level 5 in Polearms
  1007 | D        | Received a gift from Trog
  1008 | D        | Got an ancient giant club {god gift}
  1009 | D        | Identified the +6 giant club of Revolt {elec, +Blink} (Trog gifted it to you in the Dungeon)
  1011 | D        | Reached skill level 11 in Fighting
  1033 | D        | Slain by a blink frog

Skill      XL: |  1  2  3  4  5  6  7  8  9 10 |
---------------+-------------------------------+-----
Maces & Flails | 3 4 5 7 9 10 | 10.5
Fighting       | 3 4 5 6 8 9 10 11 | 11.1
Dodging        | 3 4 5 6 7 8 9 |  9.6
Staves         | 1 4 5 7 10 | 10.7
Stealth        | 1 3 |  3.8
Polearms       | 1 3 6 |  6.2

Action                   |  1- 3 |  4- 6 |  7- 9 | 10-12 || total
-------------------------+-------+-------+-------+-------++-------
Melee: Mace              |    17 |       |       |       ||    17
       Quarterstaff      |     4 |    26 |    27 |       ||    57
       Headbutt          |       |       |     9 |     6 ||    15
       Trident           |       |       |    22 |     9 ||    31
       Great mace        |       |       |     3 |    12 ||    15
       Giant club        |       |       |       |    13 ||    13
Invok: Berserk           |     1 |     4 |     3 |     1 ||     9
       Burn Spellbooks   |       |     1 |       |       ||     1
       Brothers in Arms  |       |       |     2 |     1 ||     3
  Use: Potion            |     3 |       |       |       ||     3
 Stab: Sleeping          |       |       |     2 |       ||     2
       Petrifying        |       |       |     1 |       ||     1
  Eat: Chunk             |     2 |     7 |    13 |     3 ||    25
Armor: Animal skin       |     5 |     1 |     6 |     3 ||    15
Dodge: Dodged            |     7 |    12 |    19 |    17 ||    55
